 Dungeon Crawl Stone Soup version 0.22-a0-348-gd16d1391c7 (webtiles) character file.

62596 Laan the Severer (level 15, -6/125 HPs)
             Began as a Formicid Berserker on Apr 12, 2018.
             Was the Champion of Trog.
             Splashed by a tengu reaver's acid (15 damage)
             ... on level 12 of the Dungeon.
             The game lasted 00:37:44 (17524 turns).

Laan the Severer (Formicid Berserker)              Turns: 17524, Time: 00:37:45

Health: -6/125     AC: 19    Str: 22    XL:     15   Next: 46%
Magic:  24/24      EV: 11    Int: 15    God:    Trog [******]
Gold:   1200       SH: 11    Dex: 10    Spells: 14/14 levels left

rFire    + . .     SeeInvis +   w - +3 executioner's axe (flame)
rCold    + + .     Gourm    .   F - +0 shield
rNeg     + . .     Faith    .   k - +3 chain mail of Hedging {MR+ Regen+ Str-5}
rPois    +         Spirit   .   (helmet unavailable)
rElec    +         Reflect  .   I - scarf {rC+ rF+}
rCorr    .         Harm     .   l - +2 pair of gloves
MR       ++...                  d - +2 pair of boots of Tenesot {rElec Int+7 Slay+3}
Stlth    ..........             E - amulet of regeneration
HPRegen  1.10/turn              G - ring of the Solstice {rPois rC+ rN+ MP+9 Stlth+}
MPRegen  0.19/turn              v - +2 ring of slaying

@: corroded, drained
A: permanent stasis, dig shafts and tunnels, four strong arms, antennae 3,
talons 1, repulsion field 1
a: Dig, Shaft Self, Trog's Hand, Brothers in Arms, Renounce Religion


You were on level 12 of the Dungeon.
You worshipped Trog.
Trog was exalted by your worship.
You were not hungry.

You visited 2 branches of the dungeon, and saw 18 of its levels.
You visited the Abyss 1 time.
You also visited: Labyrinth.

You collected 1540 gold pieces.
You spent 340 gold pieces at shops.

Inventory:

Hand Weapons
 w - a +3 executioner's axe of flaming (weapon)
Missiles
 B - 14 needles of sleeping
 J - 6 javelins (quivered)
Armour
 b - a +0 plate armour
 d - the +2 pair of boots of Tenesot (worn) {rElec Int+7 Slay+3}
   (You found it on level 5 of the Lair of Beasts)

   It affects your intelligence (+7).
   It affects your accuracy and damage with ranged weapons and melee attacks
   (+3).
   It insulates you from electricity.
 k - the +3 chain mail of Hedging (worn) {MR+ Regen+ Str-5}
   (You found it on level 6 of the Lair of Beasts)

   It affects your strength (-5).
   It affects your resistance to hostile enchantments.
   It increases your rate of regeneration.
 l - a +2 pair of gloves (worn)
 F - a +0 shield (worn)
 I - a scarf of resistance (worn)
Jewellery
 g - an uncursed ring of protection from magic
 m - an uncursed ring of protection from fire
 v - a +2 ring of slaying (right hand)
 E - an amulet of regeneration (around neck)
 G - the ring of the Solstice (left hand) {rPois rC+ rN+ MP+9 Stlth+}
   (You found it on level 9 of the Dungeon)

   [ring of magical power]

   It protects you from cold.
   It protects you from poison.
   It protects you from negative energy.
   It affects your magic capacity (+9).
   It makes you more stealthy.
Wands
 a - a wand of digging (44)
 f - a wand of flame (19)
 s - a wand of acid (17)
Scrolls
 h - 12 scrolls of identify
 i - 15 scrolls of remove curse
 o - a scroll of fog
 t - a scroll of brand weapon
 x - 2 scrolls of enchant armour
 y - a scroll of fear
 K - a scroll of summoning
 L - a scroll of immolation {unknown}
Potions
 e - 2 potions of might
 j - 3 potions of heal wounds
 n - 3 potions of flight
 p - a potion of degeneration {unknown}
 q - 4 potions of lignification
 u - 2 potions of brilliance
 z - 2 potions of magic
 A - 4 potions of mutation
 C - a potion of agility
 D - a potion of curing
 H - a potion of invisibility {unknown}
Comestibles
 c - 25 rations
 r - 6 chunks of flesh


   Skills:
 + Level 13.7(13.4) Fighting
 * Level 16.9(16.6) Axes
 + Level 13.5(13.2) Armour
 - Level 1.7(1.5) Dodging
 - Level 9.6(9.4) Shields


You had 14 spell levels left.
You didn't know any spells.

Dungeon Overview and Level Annotations

Branches:
Dungeon (12/15)            Temple (0/1) D:5            Lair (6/6) D:8
 Shoals (0/4) Lair:2       Spider (0/4) Lair:3        Slime (0/5) Lair:5
    Orc (0/2) D:12

Altars:
Cheibriados
Dithmenos
Okawaru
Uskayaw
Wu Jian
The Shining One
Jiyva

Shops:
D:5 ![*(   D:6 =[[(

Annotations:
D:3 davay's ghost, amateur DDBe
D:4 NeAGen181's ghost, amateur HOFi
D:12 exclusion: orange crystal statue
Lair:4 exclusion: oklob plant


Innate Abilities, Weirdness & Mutations

You cannot be hasted, slowed, berserked, paralysed or teleported.
You can dig through walls and to a lower floor.
Your four strong arms can wield two-handed weapons with a shield.
You have a pair of large antennae on your head. (SInv)
You have sharp toenails.
You are surrounded by a mild repulsion field. (EV +2)


Message History

You closely miss the tengu reaver.
The tengu reaver is heavily wounded.
The tengu reaver hits you with a bardiche of flaming.
The tengu reaver pecks you but does no damage.
You block the tengu reaver's attack.
You slash the tengu reaver! You burn the tengu reaver.
The tengu reaver is severely wounded.
The tengu reaver hits you with a bardiche of flaming!!
The tengu reaver burns you.
The tengu reaver pecks you but does no damage.
The tengu reaver claws you but does no damage.
You slice the tengu reaver!! You burn the tengu reaver.
The tengu reaver is almost dead.
You closely miss the tengu reaver.
The tengu reaver is almost dead.
The tengu reaver points at you and mumbles some strange words.
The bolt of acid hits you!
* * * LOW HITPOINT WARNING * * *
You are splashed with acid!
The acid burns!
You die...

#..........#......'.#.#........#
#..........#......#.#.#.........
#..........#......#.#.#.........
#..........#......#.'.#######...
#..........#......#.#.......####
#..........#......#.#...........
###........#..#####.#...........
#........'..#.....#...........
#........####@....#...........
#...........Q.....#...........
#...[...[.......*.#........###
######............#######..#..
#..................#..#..
######.<...........#..#..
##.)'#............#..#..
#..).#............####..
##....#..#####...........


You could see a tengu reaver and a battlesphere.

Vanquished Creatures
  Rupert (Lair:5)
  Snorg (Lair:3)
  The ghost of Execuda the Grappler, a journeyman TrMo of Makhleb (D:10)
  Fannar (Lair:3)
  9 hydras
  2 two-headed ogres
  A deep troll earth mage (D:12)
  5 large abominations
  A lindwurm (Lair:5)
  A wizard (D:9)
  An orc knight (D:12)
  Pikel (D:6)
  6 elephants (Lair:6)
  An ugly thing (D:12)
  5 black mambas
  Psyche (D:8)
  35 spiny frogs
  A rime drake (Lair:4)
  A gargoyle (D:11)
  6 komodo dragons
  2 kobold demonologists (D:12)
  3 trolls
  2 polar bears
  5 tyrant leeches
  31 blink frogs
  8 hippogriffs
  A centaur simulacrum (D:12)
  36 yaks
  A shadow (D:12)
  A human (D:8)
  2 wyverns
  A hungry ghost (D:9)
  4 hogs (D:8)
  3 basilisks
  10 vampire mosquitoes
  Menkaure (D:6)
  3 wargs (D:12)
  6 water moccasins
  7 small abominations
  6 porcupines
  An ice beast (D:7)
  5 sky beasts
  4 orc warriors
  A phantom (D:10)
  2 black bears (D:10)
  6 ogres
  15 wolves
  2 centaurs
  8 crocodiles
  28 bullfrogs
  5 big kobolds
  A wyvern zombie (D:11)
  A wyvern skeleton (D:9)
  5 scorpions
  5 killer bees (D:7)
  16 wights
  5 crimson imps
  A jelly (D:12)
  2 bullfrog zombies
  5 hounds
  6 orc priests
  13 orc wizards
  4 bullfrog skeletons
  6 centaur skeletons
  An iron imp (D:6)
  2 iguanas
  9 worker ants
  A hound zombie (D:11)
  A hound skeleton (D:4)
  A howler monkey skeleton (D:4)
  11 adders
  A shadow imp (D:9)
  2 oozes
  An adder skeleton (D:9)
  A worm (D:2)
  3 dart slugs
  6 leopard geckos
  30 orcs
  3 ball pythons
  4 giant cockroaches
  5 goblins
  5 hobgoblins
  7 jackals
  24 kobolds
  3 quokkas
  3 bats
  4 frilled lizards
  A goblin skeleton (D:6)
  2 hobgoblin zombies (D:6)
  2 kobold skeletons (D:6)
  3 kobold zombies (D:6)
  A leopard gecko zombie (D:5)
  An orc skeleton (D:6)
  4 orc zombies (D:6)
  2 quokka zombies
  3 rats
  3 fungi
  3 plants (Lair:6)
514 creatures vanquished.

Vanquished Creatures (collateral kills)
  Nessos (Lair:5)
  A minotaur (Lab)
  A bullfrog (Lair:3)
3 creatures vanquished.

Vanquished Creatures (others)
  A bush (Lair:3)
  9 fungi
  41 plants
51 creatures vanquished.

Grand Total: 568 creatures vanquished

Notes
Turn   | Place    | Note
-------+----------+-------------------------------------------
     0 | D:1      | Laan the Formicid Berserker began the quest for the Orb.
     0 | D:1      | Reached XP level 1. HP: 18/18 MP: 1/1
    35 | D:1      | Reached XP level 2. HP: 24/24 MP: 2/2
   666 | D:2      | Reached XP level 3. HP: 25/29 MP: 3/3
   696 | D:2      | Reached ** piety under Trog
   882 | D:2      | Found a faded altar of an unknown god.
  1017 | D:2      | Reached XP level 4. HP: 32/37 MP: 4/4
  1083 | D:2      | Reached skill level 4 in Axes
  1468 | D:3      | Noticed davay's ghost (amateur DDBe)
  1478 | D:3      | Gained mutation: Your body sometimes deteriorates upon taking damage. [potion of mutation]
  1478 | D:3      | Gained mutation: You are resistant to hostile enchantments. (MR+) [potion of mutation]
  1479 | D:3      | Lost mutation: Your body sometimes deteriorates upon taking damage. [potion of mutation]
  1479 | D:3      | Lost mutation: You are resistant to hostile enchantments. (MR+) [potion of mutation]
  1479 | D:3      | Gained mutation: You are surrounded by a mild repulsion field. (EV +2) [potion of mutation]
  1479 | D:3      | Gained mutation: You have sharp toenails. [potion of mutation]
  1480 | D:3      | HP: 1/37 [davay's ghost (14)]
  1899 | D:4      | Reached XP level 5. HP: 42/42 MP: 5/5
  1914 | D:4      | HP: 1/42 [orc wizard/magic dart (5)]
  1924 | D:4      | Reached skill level 5 in Axes
  1924 | D:4      | Reached XP level 6. HP: 11/49 MP: 6/6
  1938 | D:4      | Noticed an ogre
  1958 | D:4      | Killed an ogre
  2144 | D:4      | Found a shadowy altar of Dithmenos.
  2350 | D:4      | Noticed NeAGen181's ghost (amateur HOFi)
  2368 | D:4      | Reached XP level 7. HP: 43/55 MP: 7/7
  2383 | D:4      | Reached skill level 5 in Fighting
  2399 | D:4      | Reached skill level 6 in Axes
  2416 | D:4      | Reached *** piety under Trog
  2719 | D:4      | Found a glowing golden altar of the Shining One.
  2723 | D:4      | Found an ornate altar of the Wu Jian Council.
  2724 | D:4      | Found an iron altar of Okawaru.
  2725 | D:4      | Found a snail-covered altar of Cheibriados.
  2967 | D:4      | Reached skill level 5 in Armour
  2967 | D:4      | Reached XP level 8. HP: 14/63 MP: 8/8
  3287 | D:5      | Entered Level 5 of the Dungeon
  3299 | D:5      | Found a staircase to the Ecumenical Temple.
  3412 | D:5      | Found Requbilo's Antique Armour Boutique.
  3503 | D:5      | Reached skill level 7 in Axes
  3526 | D:5      | Found Vokh's Assorted Antiques.
  3530 | D:5      | Bought a runed bronze ring for 130 gold pieces
  3621 | D:5      | Found Bot Omnu's Armour Shoppe.
  3663 | D:5      | Found Feuquet's Weapon Shop.
  3666 | D:5      | Bought a +0 war axe for 52 gold pieces
  3842 | D:5      | Found Ziediad's Distillery.
  3860 | D:5      | Bought a potion of heal wounds for 55 gold pieces
  3860 | D:5      | Bought a potion of heal wounds for 55 gold pieces
  4105 | D:6      | Found Juxy's Antique Weapon Shop.
  4107 | D:6      | Found Rech's Armour Shoppe.
  4214 | D:6      | Found a glowing golden altar of the Shining One.
  4217 | D:6      | Noticed Menkaure
  4222 | D:6      | Reached **** piety under Trog
  4230 | D:6      | Killed Menkaure
  4399 | D:6      | Found Ihimucvi's Jewellery Emporium.
  4412 | D:6      | Bought a cursed -4 ring of strength for 24 gold pieces
  4412 | D:6      | Bought a cursed amulet of inaccuracy for 24 gold pieces
  4419 | D:6      | Found Touret's Antique Armour Boutique.
  4420 | D:6      | Noticed Pikel
  4442 | D:6      | Killed Pikel
  4442 | D:6      | Reached skill level 8 in Axes
  4442 | D:6      | Reached XP level 9. HP: 62/72 MP: 9/9
  5089 | D:7      | Reached skill level 9 in Axes
  5095 | D:7      | Noticed a hippogriff
  5107 | D:7      | Killed a hippogriff
  5333 | D:7      | Reached XP level 10. HP: 26/80 MP: 10/10
  5962 | D:8      | Reached skill level 10 in Axes
  6180 | D:8      | Noticed a two-headed ogre
  6187 | D:8      | Killed a two-headed ogre
  6564 | D:8      | Noticed Psyche
  6569 | D:8      | Killed Psyche
  6589 | D:8      | Found a staircase to the Lair.
  6984 | D:8      | Reached ***** piety under Trog
  6984 | D:8      | Reached skill level 11 in Axes
  7415 | D:9      | Reached XP level 11. HP: 79/89 MP: 11/11
  7645 | D:9      | Noticed a wizard
  7658 | D:9      | Cast into level 2 of the Abyss (a wizard)
  7665 | D:9      | Escaped the Abyss
  7667 | D:9      | Killed a wizard
  7667 | D:9      | Received a gift from Trog
  7759 | D:9      | Noticed a large abomination
  7784 | D:9      | Noticed a large abomination
  8151 | D:8      | Killed a large abomination
  8151 | D:8      | Reached skill level 12 in Axes
  8156 | D:8      | Killed a large abomination
  8357 | D:9      | Reached skill level 10 in Fighting
  9077 | D:9      | Got a fine golden ring
  9087 | D:9      | Identified the ring of the Solstice {rPois rC+ rN+ MP+9 Stlth+} (You found it on level 9 of the Dungeon)
  9125 | D:10     | Entered Level 10 of the Dungeon
  9147 | D:10     | Noticed Execuda's ghost (journeyman TrMo)
  9219 | Lair:1   | Entered Level 1 of the Lair of Beasts
  9429 | Lair:1   | Reached skill level 10 in Armour
  9506 | Lair:1   | Noticed a seven-headed hydra
  9532 | Lair:1   | Killed a seven-headed hydra
  9533 | Lair:1   | Received a gift from Trog
  9533 | Lair:1   | Reached XP level 12. HP: 66/98 MP: 12/12
  9777 | Lair:1   | Reached skill level 13 in Axes
  9999 | Lair:1   | Reached skill level 1 in Shields
 10264 | Lair:2   | Found a labyrinth entrance.
 10264 | Lair:2   | Found a staircase to the Shoals.
 10373 | Lab      | Entered a labyrinth
 10434 | Lab      | Noticed a minotaur
 10439 | Lab      | Killed a minotaur
 10449 | Lab      | Got a clouded glass ring
 10449 | Lab      | Got a twitching pewter ring
 10451 | Lab      | Identified the cursed ring "Boca" {AC-2 Str+2} (You found it in a labyrinth)
 10452 | Lab      | Identified the ring "Ledihak" {+Fly Int+4} (You found it in a labyrinth)
 11076 | Lair:3   | Found a hole to the Spider Nest.
 11213 | Lair:3   | Reached skill level 14 in Axes
 11228 | Lair:3   | Reached XP level 13. HP: 48/106 MP: 13/13
 11289 | Lair:3   | Noticed Fannar
 11295 | Lair:3   | Killed Fannar
 11295 | Lair:3   | Reached skill level 5 in Shields
 11537 | Lair:3   | Noticed Snorg
 11550 | Lair:3   | Killed Snorg
 12113 | Lair:4   | Noticed a seven-headed hydra
 12124 | Lair:4   | Killed a four-headed hydra
 12284 | Lair:4   | Noticed a four-headed hydra
 12292 | Lair:4   | Killed a one-headed hydra
 12307 | Lair:4   | Found a hide-covered altar of Uskayaw.
 12726 | Lair:5   | Noticed a seven-headed hydra
 12731 | Lair:5   | Killed a five-headed hydra
 12759 | Lair:5   | Got a pair of faintly humming boots
 12760 | Lair:5   | Identified the +2 pair of boots of Tenesot {rElec Int+7 Slay+3} (You found it on level 5 of the Lair of Beasts)
 12806 | Lair:5   | Noticed an eight-headed hydra
 12812 | Lair:5   | Killed a six-headed hydra
 12812 | Lair:5   | Reached skill level 15 in Axes
 12874 | Lair:5   | Noticed Nessos
 13021 | Lair:5   | Killed Nessos
 13119 | Lair:5   | Noticed Rupert
 13128 | Lair:5   | Killed Rupert
 13128 | Lair:5   | Reached XP level 14. HP: 114/116 MP: 14/14
 13291 | Lair:5   | Found a viscous altar of Jiyva.
 13292 | Lair:5   | Found a staircase to the Slime Pits.
 13516 | Lair:6   | Entered Level 6 of the Lair of Beasts
 14217 | Lair:6   | Reached skill level 16 in Axes
 14856 | Lair:6   | Got a scorched chain mail
 14867 | Lair:6   | Identified the +3 chain mail of Hedging {MR+ Regen+ Str-5} (You found it on level 6 of the Lair of Beasts)
 14924 | Lair:6   | Reached XP level 15. HP: 58/124 MP: 15/15
 15359 | D:10     | Killed Execuda's ghost
 16677 | D:12     | Noticed a tengu reaver
 16741 | D:12     | Reached ****** piety under Trog
 16954 | D:12     | Found a staircase to the Orcish Mines.
 17174 | D:12     | Noticed a fire giant
 17524 | D:12     | Splashed by a tengu reaver's acid

Vault maps used:
D:1:      minmay_arrival_cross
D:2:      cheibrodos_old_hovel, chequers_ecumenical_altar_grove, minmay_bisected
D:3:      patterned_corridor
D:4:      cheibrodos_quashed, chequers_temple_overflow_statue_of_worship,
          first_ration, serial_forest, infiniplex_forest_clump_long,
          infiniplex_forest_clump_diagonal, infiniplex_forest_straight_1,
          infiniplex_forest_diagonal, infiniplex_forest_clump_tiny,
          infiniplex_forest_lined_room_2, grunt_dithmenos_smoke
D:5:      minmay_temple_entry_large_hall, serial_shops, shop, shop_fountains,
          nicolae_shop_waterfront, kennysheep_mini_moat, shop_coins
D:6:      serial_shops, shop_statue, shop, nicolae_shop_stone, shop,
          nicolae_tso_besieged_by_evil, uniq_pikel, uniq_menkaure
D:8:      lair_entry_dummy, grunt_livestock, uniq_psyche
D:9:      laboratory
D:12:     minmay_expanding_circles, david_orc_1_choice, minmay_statue_bubble
Lair:2:   shoals_dummy_entry, lab_entry_generic
Lair:3:   dummy_spider_entry, uniq_fannar, uniq_snorg
Lair:4:   basic_altar, grunt_megastairs_2, minmay_lair_oklob_chamber
Lair:5:   slime_altar_1, infiniplex_staircase_pool_2, grunt_megastairs_3,
          serial_bayou_shore_b, uniq_nessos, uniq_rupert
Lair:6:   minmay_lair_end_frog_pond
Lab:      labyrinth_mini_lab, labyrinth_skeletal_remains, lab_hedge,
          nicolae_lab_t_cross, nicolae_lab_quarters

Skill      XL: |  1  2  3  4  5  6  7  8  9 10 11 12 13 14 |
---------------+-------------------------------------------+-----
Axes           | 4 5 6 8 9 11 12 14 15 16 | 16.9
Armour         | 3 4 5 6 7 8 10 11 12 13 | 13.5
Fighting       | 4 5 7 9 10 11 12 13 | 13.7
Shields        | 4 7 9 |  9.6
Dodging        | |  1.7

Action                   |  1- 3 |  4- 6 |  7- 9 | 10-12 | 13-15 || total
-------------------------+-------+-------+-------+-------+-------++-------
Melee: Hand axe          |   103 |    95 |   155 |       |       ||   353
       Kick              |       |    20 |    24 |       |       ||    44
       War axe           |       |       |   168 |    71 |       ||   239
       Battleaxe         |       |       |       |   268 |       ||   268
       Executioner's axe |       |       |       |   165 |   665 ||   830
Invok: Trog's Hand       |       |     1 |       |     1 |     2 ||     4
       Brothers in Arms  |       |       |       |     1 |     3 ||     4
Evoke: Wand              |       |       |       |    19 |       ||    19
  Use: Scroll            |     1 |       |       |    17 |     6 ||    24
       Potion            |       |     6 |     4 |     2 |     2 ||    14
  Eat: Chunk             |       |     5 |    10 |    15 |    24 ||    54
       Ration            |       |       |       |     3 |       ||     3
Armor: Animal skin       |    14 |     9 |       |       |       ||    23
       Chain mail        |       |    46 |    93 |       |   122 ||   261
       Plate armour      |       |       |    91 |   380 |   275 ||   746
Dodge: Dodged            |    69 |    56 |   186 |   213 |   303 ||   827
Block: Buckler           |       |       |       |     8 |       ||     8
       Shield            |       |       |       |   146 |   458 ||   604

Table legend:
 A = Spawn XP
 B = Non-spawn XP
 C = Spawn XP percentage of total XP
 D = Spawn monster count
 E = Non-spawn monster count
 F = Spawn count percentage of total count
 G = Total turns spent on level
                    A         B        C        D         E        F      G
               +---------+---------+-------+---------+---------+-------+---------
         Total |       0 |   89424 |   0.0 |       0 |     511 |   0.0 | 17524
               +---------+---------+-------+---------+---------+-------+---------
           D:1 |       0 |      28 |   0.0 |       0 |      16 |   0.0 |   659
           D:2 |       0 |      54 |   0.0 |       0 |      20 |   0.0 |   753
           D:3 |       0 |       2 |   0.0 |       0 |       2 |   0.0 |    86
           D:4 |       0 |    1010 |   0.0 |       0 |      32 |   0.0 |  1789
           D:5 |       0 |     318 |   0.0 |       0 |      17 |   0.0 |   683
           D:6 |       0 |    1063 |   0.0 |       0 |      25 |   0.0 |   664
           D:7 |       0 |    1727 |   0.0 |       0 |      39 |   0.0 |  1301
           D:8 |       0 |    4677 |   0.0 |       0 |      25 |   0.0 |  1991
           D:9 |       0 |    3301 |   0.0 |       0 |      26 |   0.0 |  1474
          D:10 |       0 |    3228 |   0.0 |       0 |      25 |   0.0 |   712
          D:11 |       0 |    3059 |   0.0 |       0 |      28 |   0.0 |   650
          D:12 |       0 |    8362 |   0.0 |       0 |      54 |   0.0 |   852
        Lair:1 |       0 |    4467 |   0.0 |       0 |      17 |   0.0 |   869
        Lair:2 |       0 |    7255 |   0.0 |       0 |      32 |   0.0 |   750
        Lair:3 |       0 |    5134 |   0.0 |       0 |      19 |   0.0 |   826
        Lair:4 |       0 |    7083 |   0.0 |       0 |      20 |   0.0 |   922
        Lair:5 |       0 |   12544 |   0.0 |       0 |      29 |   0.0 |   940
        Lair:6 |       0 |   25266 |   0.0 |       0 |      84 |   0.0 |  1506
           Lab |       0 |     846 |   0.0 |       0 |       1 |   0.0 |    90
               +---------+---------+-------+---------+---------+-------+---------
